 Dungeon Crawl Stone Soup version 0.17.0-24-gcfadda4 (console) character file.

1869 gw the Cudgeler (level 9, -1/82 HPs)
             Began as a Gargoyle Fighter on Nov 15, 2015.
             Killed by nerve-wracking pain
             ... invoked by an orc priest
              (11 damage)
             ... on level 7 of the Dungeon.
             The game lasted 00:04:39 (6660 turns).

gw the Cudgeler (Gargoyle Fighter)                  Turns: 6660, Time: 00:04:39

Health: -1/82      AC: 16    Str: 26    XL:     9   Next: 13%
Magic:  9/9        EV:  8    Int:  8    God:    Xom [......]
Gold:   359        SH: 13    Dex: 12    Spells: 0 memorised, 8 levels left

rFire  . . .     SeeInvis +     b - +0 morningstar
rCold  + . .     Rnd*Rage +     k - +0 scale mail
rNeg   + . .     SustAt   .     c - +2 shield
rPois  ∞         Gourm    .     g - +2 helmet
rElec  +         Spirit   .     (no cloak)
rCorr  .         Warding  .     (no gloves)
rMut   .         Stasis   .     (no boots)
MR     .....                    f - amulet of rage
Stlth  ..........               (no ring)
                                (no ring)

@: berserking (expiring), very quick, not resistant to hostile enchantments,
extremely unstealthy
A: see invisible, berserk 1, cold resistance 1, negative energy resistance 1,
electricity resistance, unbreathing, petrification resistance, rot immunity, AC
+5
a: Renounce Religion, Evoke Berserk Rage


You were on level 7 of the Dungeon.
You worshipped Xom.
You were a very special plaything of Xom.
You were not hungry.

You visited 2 branches of the dungeon, and saw 8 of its levels.

You collected 359 gold pieces.

Inventory:

Hand Weapons
 b - a +0 morningstar (weapon)
Missiles
 j - 4 needles of frenzy
 m - 31 poisoned needles
 n - 100 stones
 o - 10 tomahawks (quivered)
 z - 2 poisoned tomahawks
Armour
 c - a +2 shield (worn)
 g - a +2 helmet (worn)
 k - a +0 scale mail (worn)
Jewellery
 f - an amulet of rage (around neck)
Wands
 q - a wand of digging (8)
 t - a wand of flame (15)
Scrolls
 h - 5 scrolls of identify
 l - a scroll of fog
 u - 3 scrolls of remove curse
Potions
 d - a potion of curing
 s - a potion of haste
 v - a potion of flight
 x - a potion of heal wounds
Comestibles
 e - 4 bread rations
 i - 10 fruits
 p - a meat ration
 r - 2 royal jellies
 A - a beef jerky


   Skills:
 + Level 6.0 Fighting
 * Level 6.9 Maces & Flails
 + Level 4.0 Throwing
 + Level 5.8 Armour
 + Level 6.5 Shields


You had 8 spell levels left.
You didn't know any spells.

Dungeon Overview and Level Annotations

Branches:
Dungeon (7/15)             Temple (1/1) D:4

Altars:
Ashenzari
Cheibriados
Dithmenos
Elyvilon
Fedhas
Gozag
Kikubaaqudgha
Makhleb
Nemelex Xobeh
Okawaru
Qazlal
Ru
Sif Muna
Trog
Vehumet
Xom
Yredelemnul
Zin
The Shining One


Innate Abilities, Weirdness & Mutations

You are resistant to torment.
Your stone body is resilient (AC +5).
You are immune to poison.
You resist negative energy.
You are resistant to electric shocks.
You can survive without breathing.
You are immune to petrification.
You are immune to rotting.
You have supernaturally acute eyesight.
You tend to lose your temper in combat.
Your flesh is cold resistant.


Message History

Pain shoots through your body!
ATTACK MOVE TO (-1,0)
Your shield and scale mail prevent you from hitting the orc priest.
The orc priest is heavily wounded.
The orc hits you but does no damage. You block the orc's attack.
The orc priest hits you but does no damage.
ATTACK MOVE TO (-1,0)
You closely miss the orc priest.
The orc priest is heavily wounded.
The orc priest mumbles some strange prayers to Beogh against you.
Something smites you! You block the orc's attack.
ATTACK MOVE TO (-1,0)
You barely miss the orc priest.
The orc priest is heavily wounded.
You hear the slow hiss of a very distant avalanche of sand.
You hear the faint creaking of a distant portcullis.
You block the orc priest's attack.
The orc priest invokes the aid of Beogh against you.
Pain shoots through your body!
You die...

#.....#. #### ###...<#.
##..## #...##... #.##.#
###......
#.##.#####......
#........#.##### #
#.............#
#...#####........#.#....
.....oo9....#....#.#....
......ooo........#.. ...
.................###....
#...######)........ ....
#.. ####.###### ### #.
#..# # ##.# .#


You could see 2 orc priests and 3 orcs.

Table legend:
 A = Turns spent in this place as a percentage of turns spent in the entire game.
 B = Non-inter-level travel turns spent in this place as a percentage of non-inter-level travel turns spent in the entire game.
 C = Inter-level travel turns spent in this place as a percentage of turns spent in this place.
 D = Turns resting spent in this place as a percentage of non-inter-level travel turns spent in this place.
 E = Turns spent auto-exploring this place as a percentage of non-inter-level travel turns spent in this place.
 F = Non-inter-level travel turns spent in this place divided by the number of levels of this place that you've seen.
                   A       B       C       D       E      F
               +-------+-------+-------+-------+-------+----------------------
         Total | 100.0 | 100.0 |   0.5 |   1.0 |   2.5 | 1119.8
       Dungeon |  98.3 |  98.3 |   0.5 |   1.1 |   2.4 | 1258.4
        Temple |   1.7 |   1.7 |   0.7 |   0.0 |   3.4 | 149.0
               +-------+-------+-------+-------+-------+----------------------

Table legend:
 A = Kills in this place as a percentage of kills in entire the game.
 B = Kills by you in this place as a percentage of kills by you in the entire game.
 C = Kills by friends in this place as a percentage of kills by friends in the entire game.
 D = Other kills in this place as a percentage of other kills in the entire game.
 E = Experience gained in this place as a percentage of experience gained in the entire game.
 F = Experience gained in this place divided by the number of levels of this place that you have seen.
                   A       B       C       D       E      F
               +-------+-------+-------+-------+-------+----------------------
         Total | 100.0 | 100.0 |  -nan |  -nan | 100.0 | 333.8
       Dungeon | 100.0 | 100.0 |  -nan |  -nan | 100.0 | 381.4
               +-------+-------+-------+-------+-------+----------------------

Vanquished Creatures
  The ghost of gw the Bolt Thrower, an amateur MiHu (D:4)
  A wyvern (D:5)
  An orc warrior (D:7)
  A sky beast (D:5)
  2 ice beasts
  2 ogres
  A centaur (D:6)
  4 giant frogs (D:6)
  3 scorpions
  A wight (D:5)
  4 crimson imps (D:5)
  A jelly (D:5)
  A centaur skeleton (D:4)
  2 hounds (D:4)
  Jessica (D:5)
  2 worker ants (D:5)
  7 gnolls
  Robin (D:2)
  3 adders
  A shadow imp (D:5)
  An ooze (D:6)
  2 adder skeletons
  4 worms
  3 orcs
  A giant cockroach (D:2)
  9 hobgoblins
  6 jackals (D:2)
  2 quokkas
  A ball python (D:2)
  4 bats
  3 giant geckos
  2 giant newts (D:1)
  15 goblins
  7 kobolds
  5 rats
105 creatures vanquished.

Notes
Turn   | Place    | Note
--------------------------------------------------------------
     0 | D:1      | gw the Gargoyle Fighter began the quest for the Orb.
     0 | D:1      | Reached XP level 1. HP: 14/14 MP: 1/1
   313 | D:1      | Reached XP level 2. HP: 19/19 MP: 2/2
  1140 | D:2      | Reached skill level 1 in Throwing
  1140 | D:2      | Reached XP level 3. HP: 23/23 MP: 3/3
  1156 | D:2      | Reached XP level 4. HP: 21/28 MP: 4/4
  2260 | D:2      | Reached skill level 4 in Shields
  2417 | D:2      | Noticed Robin
  2434 | D:2      | Killed Robin
  3036 | D:3      | Reached XP level 5. HP: 33/33 MP: 5/5
  3311 | D:3      | Found a faded altar to an unknown god.
  3820 | D:4      | Noticed gw's ghost (amateur MiHu)
  3836 | D:4      | Killed gw's ghost
  3836 | D:4      | Reached XP level 6. HP: 38/38 MP: 6/6
  3898 | D:4      | Noticed an ogre
  3915 | D:4      | Killed an ogre
  4133 | D:4      | Found a staircase to the Ecumenical Temple.
  4137 | D:4      | Reached XP level 7. HP: 44/44 MP: 7/7
  4142 | Temple   | Entered the Ecumenical Temple
  4225 | Temple   | Became a worshipper of Xom of Chaos
  4263 | Temple   | Gained mutation: You have supernaturally acute eyesight. [potion of mutation]
  4263 | Temple   | Gained mutation: You tend to lose your temper in combat. [potion of mutation]
  4263 | Temple   | Gained mutation: Your flesh is cold resistant. [potion of mutation]
  4304 | D:5      | Entered Level 5 of the Dungeon
  4330 | D:5      | Reached skill level 5 in Shields
  4355 | D:5      | XOM: silly message
  4372 | D:5      | XOM: silly message
  4468 | D:5      | Found a shadowy altar of Dithmenos.
  4501 | D:5      | XOM: potion effect (berserk rage)
  4588 | D:5      | Reached skill level 5 in Maces & Flails
  4589 | D:5      | XOM: harmless Tloc miscast
  4643 | D:5      | XOM: potion effect (brilliance)
  4677 | D:5      | XOM: mild Conj miscast
  4687 | D:5      | Reached skill level 5 in Fighting
  4687 | D:5      | Reached skill level 5 in Armour
  4687 | D:5      | Reached XP level 8. HP: 49/49 MP: 8/8
  4812 | D:5      | Noticed a wyvern
  4819 | D:5      | Killed a wyvern
  5120 | D:5      | Noticed Jessica
  5121 | D:5      | XOM: cast spell 'Stoneskin'
  5130 | D:5      | Killed Jessica
  5218 | D:5      | XOM: harmless Summ miscast
  5314 | D:5      | Found a deep blue altar of Sif Muna.
  5570 | D:5      | XOM: divination: detect creatures
  5900 | D:5      | Reached skill level 6 in Maces & Flails
  6086 | D:6      | XOM: potion effect (agility)
  6190 | D:6      | Reached XP level 9. HP: 55/55 MP: 9/9
  6602 | D:6      | XOM: cast spell 'Beastly Appendage'
  6640 | D:7      | XOM: harmless Conj miscast
  6660 | D:7      | Killed from afar by an orc priest

Action                   |  1- 3 |  4- 6 |  7- 9 || total
-------------------------+-------+-------+-------++-------
Melee: Flail             |    96 |   154 |    51 ||   301
       Morningstar       |       |       |   100 ||   100
Throw: Stone             |       |    51 |    17 ||    68
       Tomahawk          |       |    32 |    67 ||    99
 Abil: Evoke Berserk Rag |       |     2 |     1 ||     3
Evoke: Wand              |       |       |     8 ||     8
  Use: Potion            |     2 |     7 |     3 ||    12
       Scroll            |     1 |     7 |     6 ||    14
  Eat: Chunk             |     1 |    11 |     6 ||    18
       Bread ration      |       |       |     1 ||     1

Vault maps used:
D:1:      nagdon_arrival_double_spiral
D:2:      kennysheep_goblin_castle, first_bread
D:3:      ecumenical_altar_1
D:4:      minmay_temple_entry_purple_smoke
D:5:      nicolae_dithmenos_the_darkroom, roderic_roman_lattice,
          grunt_ministairs_15, tgw_sif
D:7:      enter_bailey_3, nicolae_ossuary_entry_giza, grunt_ogre_cave
Temple:   kilobyte_greek_temple_18
